 Dungeon Crawl Stone Soup version 0.24-a0-250-g6074511 (webtiles) character file.

Game seed: 3335002172778376636

270 Borgoz the Cutter (level 6, -2/55 HPs)
             Began as a Kobold Gladiator on Apr 14, 2019.
             Slain by a gnoll
             ... wielding a +0 halberd
              (5 damage)
             ... on level 3 of the Dungeon.
             The game lasted 00:05:18 (1880 turns).

Borgoz the Cutter (Kobold Gladiator)                Turns: 1880, Time: 00:05:18

Health: -2/55      AC: 23    Str: 13    XL:     6   Next: 47%
Magic:  6/6        EV:  3    Int:  9    God:
Gold:   102        SH:  0    Dex: 17    Spells: 5/5 levels left

rFire    . . .     SeeInvis .   a - +1 rapier
rCold    . . .     Gourm    .   (shield restricted)
rNeg     + + +     Faith    .   (armour currently unavailable)
rPois    +         Spirit   .   (helmet currently unavailable)
rElec    .         Reflect  .   (cloak currently unavailable)
rCorr    .         Harm     .   (gloves currently unavailable)
MR       .....     NoTele   +   (boots currently unavailable)
Stlth    ++........             (no amulet)
HPRegen  0.18/turn              (no ring)
MPRegen  0.10/turn              (no ring)

@: tree-form (expiring)
A: small, carnivore
a: no special abilities


You were on level 3 of the Dungeon.
You were very full.
You were a tree.
You visited 1 branch of the dungeon, and saw 3 of its levels.

You collected 102 gold pieces.

Inventory:

Hand Weapons
 a - a +1 rapier (weapon)
Armour
 b - a +0 leather armour (melded)
 c - a +0 helmet (melded)
Scrolls
 e - 6 scrolls of remove curse
 l - 3 scrolls of amnesia
 m - a scroll of teleportation
 p - 2 scrolls of identify
Potions
 o - 2 potions of lignification
Comestibles
 d - 2 chunks of flesh
 f - 7 rations


   Skills:
 + Level 3.3 Fighting
 + Level 6.5 Short Blades
 + Level 2.4 Throwing
 + Level 1.8 Armour
 + Level 4.4 Dodging
 + Level 2.2 Stealth


You had 5 spell levels left.
You didn't know any spells.
Your spell library was empty.

Dungeon Overview and Level Annotations

Branches:
Dungeon (3/15)

Altars:


Innate Abilities, Weirdness & Mutations

You are small and have problems with some larger weapons.
You are carnivorous and can eat meat at any time.


Message History

You don't have any such object.
Wield which item (- for none, * to show all)? (? for menu, Esc to quit)
You don't have any such object.
Wield which item (- for none, * to show all)? (? for menu, Esc to quit)
You don't have any such object.
Wield which item (- for none, * to show all)? (? for menu, Esc to quit)
You don't have any such object.
Wield which item (- for none, * to show all)? (? for menu, Esc to quit)
Okay, then.
There are monsters nearby!
There are monsters nearby!
There are monsters nearby!
The gnoll hits you but does no damage.
Your transformation is almost over.
You feel a little less mighty now. The gnoll hits you but does no damage.
The gnoll hits you but does no damage. The gnoll hits you but does no damage.
The gnoll hits you but does no damage.
The gnoll hits you from afar with a +0 halberd.
You die...

#.# #.# #.#
############.#
.o.........#.#
####o#####.##.#.#
....gg)♣..#...#.#
./##o#####.##.#.########
#.......<.....#
####.#..#####.# #..<..#
....#...# ###.....#
##.#..# ..#..#


You could see 2 gnolls and 2 orcs.

Vanquished Creatures
  Sigmund (D:2)
  A bullfrog zombie (D:2)
  An adder (D:2)
  2 gnolls (D:3)
  3 dart slugs
  2 leopard geckos
  3 ball pythons
  3 giant cockroaches
  2 goblins (D:2)
  8 hobgoblins
  4 jackals (D:1)
  4 bats
  A frilled lizard (D:1)
  5 kobolds
  2 rats
42 creatures vanquished.

Notes
Turn   | Place    | Note
-------+----------+-------------------------------------------
     0 | D:1      | Borgoz the Kobold Gladiator began the quest for the Orb.
     0 | D:1      | Reached XP level 1. HP: 12/12 MP: 1/1
    90 | D:1      | Reached XP level 2. HP: 17/18 MP: 2/2
   264 | D:1      | Reached XP level 3. HP: 15/22 MP: 3/3
   420 | D:1      | Reached skill level 1 in Stealth
   729 | D:2      | Reached skill level 5 in Short Blades
   729 | D:2      | Reached XP level 4. HP: 8/27 MP: 4/4
  1087 | D:2      | Noticed Sigmund
  1309 | D:2      | Reached skill level 1 in Armour
  1757 | D:2      | Killed Sigmund
  1757 | D:2      | Reached skill level 6 in Short Blades
  1757 | D:2      | Reached XP level 5. HP: 30/32 MP: 5/5
  1757 | D:2      | Reached XP level 6. HP: 35/37 MP: 6/6
  1771 | D:2      | Found a faded altar of an unknown god.
  1848 | D:3      | HP: 2/55 [gnoll/+0 halberd (3)]
  1871 | D:3      | HP: 2/55 [gnoll/+0 halberd (4)]
  1880 | D:3      | Slain by a gnoll

Levels and vault maps discovered:
D:1:      nagdon_arrival_zigzag_paths, layout_basic, serial_glass,
          glass_columns_a, glass_columns_c, glass_columns_a
D:2:      layout_rooms, serial_co_window_serial, co_window_corner_a,
          co_window_paths_a, co_window_paths_a, co_window_corner_a,
          co_window_paths_a, co_window_paths_c, co_window_of_opportunity_c,
          co_window_of_opportunity_b, glass_columns_a, glass_columns_c,
          glass_columns_c, glass_columns_a, glass_columns_c,
          chequers_ecumenical_altar_lobes, uniq_sigmund
D:3:      layout_loops_ring, first_ration, minmay_fractal_squares_gapless_5

Skill      XL: |  1  2  3  4 |
---------------+-------------+-----
Dodging        | 4 |  4.4
Stealth        | 1 2 |  2.2
Short Blades   | 5 6 |  6.5
Armour         | 1 |  1.8
Fighting       | 3 |  3.3
Throwing       | |  2.4

Action                   |  1- 3 |  4- 6 || total
-------------------------+-------+-------++-------
Melee: Rapier            |   105 |    50 ||   155
Throw: Throwing net      |     1 |     2 ||     3
  Use: Potion            |     1 |     2 ||     3
       Scroll            |       |     7 ||     7
 Stab: Sleeping          |     3 |     1 ||     4
       Held in net/web   |       |     1 ||     1
  Eat: Chunk             |     8 |     3 ||    11
Armor: Leather armour    |    16 |     5 ||    21
       Skin              |       |    26 ||    26
Dodge: Dodged            |   100 |    38 ||   138

Table legend:
 A = Non-vault XP
 B = Vault XP
 C = Vault XP percentage of total XP
 D = Non-vault monster count
 E = Vault monster count
 F = Vault count percentage of total count
                 A         B        C        D         E       F
            +---------+---------+-------+---------+---------+-------
      Total |     160 |     227 |  58.7 |      41 |       1 |   2.4
            +---------+---------+-------+---------+---------+-------
        D:1 |      42 |       0 |   0.0 |      21 |       0 |   0.0
        D:2 |      89 |     227 |  71.8 |      18 |       1 |   5.3
        D:3 |      29 |       0 |   0.0 |       2 |       0 |   0.0
            +---------+---------+-------+---------+---------+-------
